Workbook

Sheet Plantilla 1
B2: ESTRATEGIAS DE MERCADO
B3: CONCENTRACIÓN | C3: Marcar con una "X" | D3: DIVERSIFICACIÓN | E3: Marcar con una "X"
B4: El número de clientes en cada mercado es alto | D4: El número potencial de clientes en cada mercado es reducido
B5: Los mercados clave son estables con una demanda sostenida | D5: Los mercados clave son muy cíclicos con una demanda cambiante
B6: Mercados compartidos por un número amplio de competidores | D6: Mercados dominados por un número reducido de competidores
B7: La venta se basa en factores distintos al precio | D7: La venta se realiza fundamentalmente por precio
B8: El ciclo del producto es largo | D8: El ciclo del producto es corto
B9: El comprador es fiel al proveedor habitual | D9: El comprador no es fiel al proveedor habitual
B10: El producto precisa de una adaptación compleja y costosa | D10: El producto es estándar en los diferentes mercados
B11: La venta exige inversiones en promoción/publicidad | D11: La venta no exige inversiones en promoción/publicidad
B12: Los costes de administración y seguimiento de las ventas son elevados | D12: Los costes de administración y seguimiento de las ventas son reducidos
B13: El producto es de venta repetitiva al cliente final | D13: El producto no es de venta repetitiva al cliente final
B14: La ventaja competitiva es sostenible en el tiempo | D14: La ventaja competitiva no se mantiene en el tiempo
B15: RESULTADO FINAL: | C15: =+COUNTIF(C4:C14,"X") -> 0 | E15: =+COUNTIF(E4:E14,"X") -> 0

Sheet Plantilla 2
B2: LISTA DE MERCADOS PRESELECCIONADOS
B3: País 1.-
B4: País 2.-
B5: País 3.-
B6: País 4.-
B7: País 5.-
B8: País 6.-
B9: País 7.-
B10: País 8.-
B11: País 9.-
B12: País 10.-

Sheet Plantilla 3
B2: CUADRO COMPARATIVO CON CRITERIOS DE SELECCIÓN DEL MERCADO OBJETIVO
B3: CRITERIOS DE SELECCIÓN DE MERCADOS | E3: DATOS | O3: VALOR TEST INDICADORES | Y3: VALOR PONDERADO
D4: Importancia del indicador (del 1 a 10), siendo el 10 el más importante | E4: =+'Plantilla 2'!C3 -> 0 | F4: =+'Plantilla 2'!C4 -> 0 | G4: =+'Plantilla 2'!C5 -> 0 | H4: =+'Plantilla 2'!C6 -> 0 | I4: =+'Plantilla 2'!C7 -> 0 | J4: =+'Plantilla 2'!C8 -> 0 | K4: =+'Plantilla 2'!C9 -> 0 | L4: =+'Plantilla 2'!C10 -> 0 | M4: =+'Plantilla 2'!C11 -> 0 | N4: =+'Plantilla 2'!C12 -> 0 | O4: =+'Plantilla 2'!C3 -> 0 | P4: =+'Plantilla 2'!C4 -> 0 | Q4: =+'Plantilla 2'!C5 -> 0 | R4: =+'Plantilla 2'!C6 -> 0 | S4: =+'Plantilla 2'!C7 -> 0 | T4: =+'Plantilla 2'!C8 -> 0 | U4: =+'Plantilla 2'!C9 -> 0 | V4: =+'Plantilla 2'!C10 -> 0 | W4: =+'Plantilla 2'!C11 -> 0 | X4: =+'Plantilla 2'!C12 -> 0 | Y4: =+'Plantilla 2'!C3 -> 0 | Z4: =+'Plantilla 2'!C4 -> 0 | AA4: =+'Plantilla 2'!C5 -> 0 | AB4: =+'Plantilla 2'!C6 -> 0 | AC4: =+'Plantilla 2'!C7 -> 0 | AD4: =+'Plantilla 2'!C8 -> 0 | AE4: =+'Plantilla 2'!C9 -> 0 | AF4: =+'Plantilla 2'!C10 -> 0 | AG4: =+'Plantilla 2'!C11 -> 0 | AH4: =+'Plantilla 2'!C12 -> 0
B5: Tamaño del mercado | C5: Población | O5: 3 | P5: 1 | Q5: 5 | R5: 8 | S5: 10 | Y5: =D5*O5 -> 0 | Z5: =D5*P5 -> 0 | AA5: =D5*Q5 -> 0 | AB5: =D5*R5 -> 0 | AC5: =D5*S5 -> 0 | AD5: =D5*T5 -> 0 | AE5: =D5*U5 -> 0 | AF5: =D5*V5 -> 0 | AG5: =D5*W5 -> 0 | AH5: =D5*X5 -> 0
C6: PIB y crecimiento del PIB | O6: 7 | P6: 3 | Q6: 7 | R6: 8 | S6: 10 | Y6: =D6*O6 -> 0 | Z6: =D6*P6 -> 0 | AA6: =D6*Q6 -> 0 | AB6: =D6*R6 -> 0 | AC6: =D6*S6 -> 0 | AD6: =D6*T6 -> 0 | AE6: =D6*U6 -> 0 | AF6: =D6*V6 -> 0 | AG6: =D6*W6 -> 0 | AH6: =D6*X6 -> 0
C7: Renta per cápita FMI/ BM | O7: 9 | P7: 8 | Q7: 10 | R7: 6 | S7: 7 | Y7: =D7*O7 -> 0 | Z7: =D7*P7 -> 0 | AA7: =D7*Q7 -> 0 | AB7: =D7*R7 -> 0 | AC7: =D7*S7 -> 0 | AD7: =D7*T7 -> 0 | AE7: =D7*U7 -> 0 | AF7: =D7*V7 -> 0 | AG7: =D7*W7 -> 0 | AH7: =D7*X7 -> 0
C8: Inflación y su evolución | O8: 7 | P8: 5 | Q8: 9 | R8: 8 | S8: 9 | Y8: =D8*O8 -> 0 | Z8: =D8*P8 -> 0 | AA8: =D8*Q8 -> 0 | AB8: =D8*R8 -> 0 | AC8: =D8*S8 -> 0 | AD8: =D8*T8 -> 0 | AE8: =D8*U8 -> 0 | AF8: =D8*V8 -> 0 | AG8: =D8*W8 -> 0 | AH8: =D8*X8 -> 0
C9: Cuota del país en las importaciones mundiales trademap/cometrade | Y9: =D9*O9 -> 0 | Z9: =D9*P9 -> 0 | AA9: =D9*Q9 -> 0 | AB9: =D9*R9 -> 0 | AC9: =D9*S9 -> 0 | AD9: =D9*T9 -> 0 | AE9: =D9*U9 -> 0 | AF9: =D9*V9 -> 0 | AG9: =D9*W9 -> 0 | AH9: =D9*X9 -> 0
C10: Volumen total de importaciones del producto Trademap/cometrade | Y10: =D10*O10 -> 0 | Z10: =D10*P10 -> 0 | AA10: =D10*Q10 -> 0 | AB10: =D10*R10 -> 0 | AC10: =D10*S10 -> 0 | AD10: =D10*T10 -> 0 | AE10: =D10*U10 -> 0 | AF10: =D10*V10 -> 0 | AG10: =D10*W10 -> 0 | AH10: =D10*X10 -> 0
C11: Volumen total de las exportaciones del producto del país trademap | O11: 6 | P11: 1 | Q11: 8 | R11: 7 | S11: 5 | Y11: =D11*O11 -> 0 | Z11: =D11*P11 -> 0 | AA11: =D11*Q11 -> 0 | AB11: =D11*R11 -> 0 | AC11: =D11*S11 -> 0 | AD11: =D11*T11 -> 0 | AE11: =D11*U11 -> 0 | AF11: =D11*V11 -> 0 | AG11: =D11*W11 -> 0 | AH11: =D11*X11 -> 0
B12: Condiciones del mercado | C12: Riesgo país | O12: 10 | P12: 7 | Q12: 8 | R12: 8 | S12: 8 | Y12: =D12*O12 -> 0 | Z12: =D12*P12 -> 0 | AA12: =D12*Q12 -> 0 | AB12: =D12*R12 -> 0 | AC12: =D12*S12 -> 0 | AD12: =D12*T12 -> 0 | AE12: =D12*U12 -> 0 | AF12: =D12*V12 -> 0 | AG12: =D12*W12 -> 0 | AH12: =D12*X12 -> 0
C13: Proximidad geográfica google maps | O13: 7 | P13: 7 | Q13: 9 | R13: 2 | S13: 2 | Y13: =D13*O13 -> 0 | Z13: =D13*P13 -> 0 | AA13: =D13*Q13 -> 0 | AB13: =D13*R13 -> 0 | AC13: =D13*S13 -> 0 | AD13: =D13*T13 -> 0 | AE13: =D13*U13 -> 0 | AF13: =D13*V13 -> 0 | AG13: =D13*W13 -> 0 | AH13: =D13*X13 -> 0
C14: Homogeneidad en gustos instituto elcano / informes ICEX | Y14: =D14*O14 -> 0 | Z14: =D14*P14 -> 0 | AA14: =D14*Q14 -> 0 | AB14: =D14*R14 -> 0 | AC14: =D14*S14 -> 0 | AD14: =D14*T14 -> 0 | AE14: =D14*U14 -> 0 | AF14: =D14*V14 -> 0 | AG14: =D14*W14 -> 0 | AH14: =D14*X14 -> 0
C15: Disponibilidad de información | O15: 9 | P15: 9 | Q15: 9 | R15: 8 | S15: 8 | Y15: =D15*O15 -> 0 | Z15: =D15*P15 -> 0 | AA15: =D15*Q15 -> 0 | AB15: =D15*R15 -> 0 | AC15: =D15*S15 -> 0 | AD15: =D15*T15 -> 0 | AE15: =D15*U15 -> 0 | AF15: =D15*V15 -> 0 | AG15: =D15*W15 -> 0 | AH15: =D15*X15 -> 0
C16: Aranceles y demás impuestos exporthelpdesk/ market access | Y16: =D16*O16 -> 0 | Z16: =D16*P16 -> 0 | AA16: =D16*Q16 -> 0 | AB16: =D16*R16 -> 0 | AC16: =D16*S16 -> 0 | AD16: =D16*T16 -> 0 | AE16: =D16*U16 -> 0 | AF16: =D16*V16 -> 0 | AG16: =D16*W16 -> 0 | AH16: =D16*X16 -> 0
C17: Situación del sector de la distribución comercial Icex | O17: 7 | P17: 6 | Q17: 7 | R17: 4 | S17: 5 | Y17: =D17*O17 -> 0 | Z17: =D17*P17 -> 0 | AA17: =D17*Q17 -> 0 | AB17: =D17*R17 -> 0 | AC17: =D17*S17 -> 0 | AD17: =D17*T17 -> 0 | AE17: =D17*U17 -> 0 | AF17: =D17*V17 -> 0 | AG17: =D17*W17 -> 0 | AH17: =D17*X17 -> 0
C18: Posibilidad de encontrar socios comerciales locales europages/ kompass/ google | Y18: =D18*O18 -> 0 | Z18: =D18*P18 -> 0 | AA18: =D18*Q18 -> 0 | AB18: =D18*R18 -> 0 | AC18: =D18*S18 -> 0 | AD18: =D18*T18 -> 0 | AE18: =D18*U18 -> 0 | AF18: =D18*V18 -> 0 | AG18: =D18*W18 -> 0 | AH18: =D18*X18 -> 0
C19: Volumen total de exportaciones españolas del producto trademap/ datacomex/ plancameral | Y19: =D19*O19 -> 0 | Z19: =D19*P19 -> 0 | AA19: =D19*Q19 -> 0 | AB19: =D19*R19 -> 0 | AC19: =D19*S19 -> 0 | AD19: =D19*T19 -> 0 | AE19: =D19*U19 -> 0 | AF19: =D19*V19 -> 0 | AG19: =D19*W19 -> 0 | AH19: =D19*X19 -> 0
C20: Evolución de las exportaciones españolas del producto plancameral/bdatacomex | Y20: =D20*O20 -> 0 | Z20: =D20*P20 -> 0 | AA20: =D20*Q20 -> 0 | AB20: =D20*R20 -> 0 | AC20: =D20*S20 -> 0 | AD20: =D20*T20 -> 0 | AE20: =D20*U20 -> 0 | AF20: =D20*V20 -> 0 | AG20: =D20*W20 -> 0 | AH20: =D20*X20 -> 0
C21: Volumen de exportaciones gallegas del producto plancameral/ datacomex | Y21: =D21*O21 -> 0 | Z21: =D21*P21 -> 0 | AA21: =D21*Q21 -> 0 | AB21: =D21*R21 -> 0 | AC21: =D21*S21 -> 0 | AD21: =D21*T21 -> 0 | AE21: =D21*U21 -> 0 | AF21: =D21*V21 -> 0 | AG21: =D21*W21 -> 0 | AH21: =D21*X21 -> 0
C22: Evolución de las exportaciones gallegas del producto plancameral/ datacomex | Y22: =D22*O22 -> 0 | Z22: =D22*P22 -> 0 | AA22: =D22*Q22 -> 0 | AB22: =D22*R22 -> 0 | AC22: =D22*S22 -> 0 | AD22: =D22*T22 -> 0 | AE22: =D22*U22 -> 0 | AF22: =D22*V22 -> 0 | AG22: =D22*W22 -> 0 | AH22: =D22*X22 -> 0
O23: TOTAL POR MERCADO PRESELECCIONADO | Y23: =SUM(Y5:Y22) -> 0 | Z23: =SUM(Z5:Z22) -> 0 | AA23: =SUM(AA5:AA22) -> 0 | AB23: =SUM(AB5:AB22) -> 0 | AC23: =SUM(AC5:AC22) -> 0 | AD23: =SUM(AD5:AD22) -> 0 | AE23: =SUM(AE5:AE22) -> 0 | AF23: =SUM(AF5:AF22) -> 0 | ... AH23: =SUM(AH5:AH22) -> 0
C26: Selección final del mercado objetivo:
